 Dungeon Crawl Stone Soup version 0.23.2-40-g277498a001 (webtiles) character file.

Game seed: 11970429662430631871

89 Marnok the Shield-Bearer (level 4, 0/36 HPs)
             Began as a Human Fighter on Oct 5, 2019.
             Slain by a worm (8 damage)
             ... on level 2 of the Dungeon.
             The game lasted 00:04:05 (1792 turns).

Marnok the Shield-Bearer (Human Fighter)            Turns: 1792, Time: 00:04:06

Health: 0/36       AC:  6    Str: 17    XL:     4   Next: 84%
Magic:  4/4        EV:  7    Int:  9    God:
Gold:   160        SH:  9    Dex: 12    Spells: 3/3 levels left

rFire    . . .     SeeInvis .   h - +0 dagger (pain)
rCold    . . .     Gourm    .   c - +0 shield
rNeg     . . .     Faith    .   b - +0 scale mail
rPois    .         Spirit   .   (no helmet)
rElec    .         Reflect  .   (no cloak)
rCorr    .         Harm     .   (no gloves)
MR       .....                  (no boots)
Stlth    ..........             k - amulet of rage
HPRegen  0.12/turn              (no ring)
MPRegen  0.09/turn              (no ring)

@: no status effects
A: no striking features
a: Evoke Berserk Rage


You were on level 2 of the Dungeon.
You were hungry.

You visited 1 branch of the dungeon, and saw 4 of its levels.

You collected 160 gold pieces.

Inventory:

Hand Weapons
 a - a +0 long sword
 h - a +0 dagger of pain (weapon)
 l - a +1 dagger of electrocution
Armour
 b - a +0 scale mail (worn)
 c - a +0 shield (worn)
Jewellery
 k - an amulet of rage (around neck)
Scrolls
 i - 2 scrolls of enchant armour {unknown}
 j - 2 scrolls of blinking {unknown}
 m - a scroll of identify {unknown}
 n - a scroll of magic mapping {unknown}
Potions
 d - a potion of might
 e - a potion of curing {unknown}
 g - a potion of heal wounds {unknown}
Comestibles
 f - 6 rations


   Skills:
 + Level 3.6 Fighting
 + Level 1.0(1.9) Short Blades
 + Level 2.4(2.6) Long Blades
 + Level 3.5 Armour
 + Level 0.1 Dodging
 + Level 3.7 Shields


You had 3 spell levels left.
You didn't know any spells.
Your spell library was empty.

Dungeon Overview and Level Annotations

Branches:
Dungeon (4/15)
 Temple: D:4-7

Altars:
Ashenzari

Annotations:
D:3 1 transporter


Message History

You hit the worm but do no damage. The worm bites you.
Your shield and scale mail prevent you from hitting the worm.
You hit the worm.
The worm is moderately wounded.
The worm bites you.
You completely miss the worm.
The worm is lightly wounded.
You hit the worm.
The worm is moderately wounded.
The worm bites you.
* * * LOW HITPOINT WARNING * * *
You hit the worm.
The worm is moderately wounded.
You block the worm's attack.
You hit the worm.
The worm is heavily wounded.
You hit the worm.
The worm is heavily wounded.
The worm bites you!
You die...

.....##........# ...
.....######.#### #..#
.....# #.# ...#### .....#
###.# ......# .....####...#
##....... .....#.>..###
##........ .....#.####
##......... .......#
#####.......... #.###.##
#...@w#........
#.###.#######.#####w.......
...........................
..#.######.########........
.##.# #..# #........ .#..#
##.## #........ .#.#####..#
#........ .#.......##
...#######


You could see a worm.

Vanquished Creatures
  Natasha (D:2)
  2 adders
  2 oozes
  A worm (D:2)
  2 dart slugs (D:2)
  3 leopard geckos
  3 goblins (D:1)
  2 hobgoblins
  4 jackals (D:1)
  4 kobolds
  4 bats
  A rat (D:2)
29 creatures vanquished.

Notes
Turn   | Place    | Note
-------+----------+-------------------------------------------
     0 | D:1      | Marnok the Human Fighter began the quest for the Orb.
     0 | D:1      | Reached XP level 1. HP: 18/18 MP: 1/1
    36 | D:1      | Reached XP level 2. HP: 24/24 MP: 2/2
   144 | D:1      | Found a shattered altar of Ashenzari.
   259 | D:1      | Reached XP level 3. HP: 24/29 MP: 3/3
   277 | D:1      | You fall through a shaft!
   349 | D:3      | Found a transporter.
   623 | D:3      | Reached XP level 4. HP: 32/35 MP: 4/4
   795 | D:2      | Noticed Natasha
   811 | D:2      | Killed Natasha
  1783 | D:2      | Reached skill level 1 in Short Blades
  1792 | D:2      | Slain by a worm

Skill      XL: |  1  2  3  4 |
---------------+-------------+-----
Short Blades   | 1 |  1.0
Fighting       | |  3.6
Long Blades    | |  2.4
Armour         | |  3.5
Dodging        | |  0.1
Shields        | |  3.7

Action                   |  1- 3 |  4- 6 || total
-------------------------+-------+-------++-------
Melee: Long sword        |    27 |       ||    27
       Dagger            |    58 |    74 ||   132
  Eat: Chunk             |       |     2 ||     2
Armor: Scale mail        |    31 |    20 ||    51
Dodge: Dodged            |    16 |    18 ||    34
Block: Shield            |    25 |    24 ||    49
       Rpst.: Long sword |     2 |       ||     2
